 Dungeon Crawl Stone Soup version 0.27.0-1-g7a089689b8 (webtiles) character file.

Game seed: 847193214498110506

111 Naeght the Poker (level 4, -2/35 HPs)
             Began as a Merfolk Gladiator on Aug 17, 2021.
             Slain by krigyl's ghost (9 damage)
             ... on level 3 of the Dungeon.
             The game lasted 00:03:55 (2907 turns).

Naeght the Poker (Merfolk Gladiator)                Turns: 2907, Time: 00:03:56

Health: -2/35      AC:  4    Str: 14    XL:     4   Next: 92%
Magic:  4/4        EV: 13    Int:  7    God:
Gold:   166        SH:  0    Dex: 16    Spells: 3/3 levels left

rFire    . . .     SeeInvis .   a - +0 trident
rCold    + . .     Faith    .   (no shield)
rNeg     . . .     Spirit   .   b - +0 leather armour
rPois    .         Reflect  .   c - +0 helmet
rElec    .         Harm     .   (no cloak)
rCorr    .         Rampage  .   (no gloves)
Will     .....                  (no boots)
Stlth    +.........             (no amulet)
HPRegen  0.11/turn              q - ring of protection from cold
MPRegen  0.09/turn              (no ring)

@: no status effects
A: (nimble swimmer 2), mertail
a: no special abilities


You were on level 3 of the Dungeon.
You visited 1 branch of the dungeon, and saw 3 of its levels.

You collected 166 gold pieces.

Inventory:

Hand Weapons
 a - a +0 trident (weapon)
Missiles
 d - 3 throwing nets
 j - 15 poisoned darts (quivered)
Armour
 b - a +0 leather armour (worn)
 c - a +0 helmet (worn)
Jewellery
 q - a ring of protection from cold (left hand)
Scrolls
 e - a scroll of teleportation {unknown}
 h - 6 scrolls of identify {unknown}
 i - a scroll of blinking {unknown}
 k - a scroll of enchant armour {unknown}
 m - 3 scrolls of amnesia {unknown}
Potions
 f - a potion of experience {unknown}
 g - 2 potions of curing
 l - a potion of lignification {unknown}
 n - 2 potions of flight {unknown}
 o - 2 potions of berserk rage {unknown}
 p - a potion of brilliance {unknown}


   Skills:
 + Level 3.1 Fighting
 * Level 6.1 Polearms
 - Level 2.0 Throwing
 + Level 1.0 Armour
 + Level 4.8 Dodging


You had 3 spell levels left.
You didn't know any spells.
Your spell library contained the following spells:

 Spells                   Type           Power      Damage    Failure   Level
 Airstrike                Air            0%         N/A       99%         4
 Summon Lightning Spire   Summ/Air       0%         N/A       99%         4
 Lightning Bolt           Conj/Air       0%         1d11      100%        5
 Borgnjor's Revivificati  Necr           0%         N/A       100%        8
 Necromutation            Tmut/Necr      0%         N/A       100%        8
 Death's Door             Necr           0%         N/A       100%        9


Dungeon Overview and Level Annotations

Branches:
Dungeon (3/15)

Altars:
Ashenzari

Annotations:
D:3 1 runed translucent door, krigyl's ghost, weakling TrSu


Innate Abilities, Weirdness & Mutations

((You are quick and stealthy near water. (Stealth+, EV+, Speed+++)))
Your lower body shifts to a powerful aquatic tail in water.


Message History

You completely miss the ball python. The ball python closely misses you.
The ball python grabs you. The ball python constricts you.
The ball python closely misses you. The ball python constricts you.
You puncture the ball python!
You kill the ball python!
You hit krigyl's ghost.
Krigyl's ghost is lightly damaged.
Krigyl's ghost hits you but does no damage.
Your leather armour prevents you from hitting krigyl's ghost.
Krigyl's ghost is lightly damaged.
Krigyl's ghost closely misses you.
You hit krigyl's ghost but do no damage.
Krigyl's ghost is lightly damaged.
Krigyl's ghost hits you!
You are too injured to fight recklessly!
You are too injured to fight recklessly!
It was a potion of curing.
You feel better. Krigyl's ghost hits you.
You closely miss krigyl's ghost.
Krigyl's ghost is lightly damaged.
Krigyl's ghost hits you.
You hit krigyl's ghost.
Krigyl's ghost is lightly damaged.
Krigyl's ghost whispers, "It is all a dream - a grotesque and foolish dream."
Krigyl's ghost hits you.
You hit krigyl's ghost but do no damage.
Krigyl's ghost is lightly damaged.
Krigyl's ghost hits you!
* * * LOW HITPOINT WARNING * * *
Okay, then.
Krigyl's ghost says, "It's dangerous to adventure alone."
Found a bubbling green potion.
You see here a +0 dagger.
There is a stone staircase leading up here.
Krigyl's ghost whispers, "The ORB doesn't exist."
Krigyl's ghost points and yells, "Attack!"
Krigyl's ghost lets out a mournful wail.
Krigyl's ghost whispers, "Soon you will have time, lots of time..."
Krigyl's ghost whispers, "They're coming for you..."
Krigyl's ghost hits you!
You die...

..##.....# #.....##....#
####..).[# #.....##....#
####.....#######...........#
.......†.##........####..#
......#####.......<).....#
.........................#
#....######........##....#
#.##.######....W...#.....#
#.......##.....#@..+.....####
..##.#.............#........####
..##.#.........................##
..##.#........#....#........##..#
..##.#.............#........##...
..##.#.............#...#'######†#
..##......###......#...#..# #≈≈≈
..######### #......######.## #≈≈≈
..........###....### #..# #≈≈≈


You could see krigyl's ghost.

Vanquished Creatures
  2 adders
  A river rat (D:3)
  2 worms (D:2)
  A dart slug (D:3)
  6 orcs (D:3)
  8 ball pythons
  3 bats
  3 endoplasms
  4 giant cockroaches
  6 goblins
  A hobgoblin (D:1)
  11 jackals
  2 kobolds
  4 quokkas
  2 frilled lizards
  9 rats
65 creatures vanquished.

Notes
Turn   | Place    | Note
-------+----------+-------------------------------------------
     0 | D:1      | Naeght the Merfolk Gladiator began the quest for the Orb.
     0 | D:1      | Reached XP level 1. HP: 16/16 MP: 1/1
   284 | D:1      | Reached XP level 2. HP: 23/23 MP: 2/2
   398 | D:1      | Reached skill level 5 in Polearms
   768 | D:1      | Reached XP level 3. HP: 22/28 MP: 3/3
   908 | D:1      | Found a faded altar of an unknown god.
  1728 | D:2      | Reached XP level 4. HP: 34/34 MP: 4/4
  2207 | D:3      | Found a broken altar of Ashenzari.
  2640 | D:3      | Reached skill level 6 in Polearms
  2792 | D:3      | Found a runed translucent door.
  2796 | D:3      | Noticed krigyl's ghost (weakling TrSu)
  2831 | D:3      | Found a runed translucent door.
  2855 | D:3      | Reached skill level 1 in Armour
  2907 | D:3      | Slain by krigyl's ghost

Illustrated notes

Levels and vault maps discovered:
D:1:      dpeg_arrival_solitude, layout_loops_ring,
          ebering_ecumenical_altar_mist
D:2:      layout_loops_ring
D:3:      minmay_recursive_quarters, layout_basic, mainiacjoe_overflow_chevrons,
          ebering_ghost_sewer_f

Skill      XL: |  1  2  3  4 |
---------------+-------------+-----
Polearms       | 5 6 |  6.1
Fighting       | 3 |  3.1
Armour         | 1 |  1.0
Throwing       | |  2.0
Dodging        | |  4.8

Action                   |  1- 3 |  4- 6 || total
-------------------------+-------+-------++-------
Melee: Trident           |   133 |    66 ||   199
  Use: Potion            |       |     1 ||     1
 Stab: Sleeping          |     4 |       ||     4
       Distracted        |     1 |       ||     1
Armor: Leather armour    |    25 |    18 ||    43
Dodge: Dodged            |    75 |    51 ||   126
